 Dungeon Crawl Stone Soup version 0.29.1-15-g9cfb28693d (webtiles) character file.

Game seed: 15373523401163501464

115 Ast3rio the Cutter (level 5, -2/47 HPs)
             Began as a Gnoll Cinder Acolyte on Mar 8, 2023.
             Was a High Priest of Ignis.
             Slain by an orc wizard
             ... wielding a +0 dagger
              (4 damage)
             ... on level 3 of the Dungeon.
             The game lasted 00:06:01 (2986 turns).

Ast3rio the Cutter (Gnoll Cinder Acolyte)           Turns: 2986, Time: 00:06:02

Health: -2/47      AC:  2    Str: 13    XL:     5   Next: 0%
Magic:  1/9        EV: 11    Int: 15    God:    Ignis [*****.]
Gold:   54         SH:  0    Dex:  8    Spells: 8/10 levels left

rFire   + . .      SeeInvis .   a - -1 short sword (flame)
rCold   . . .      Faith    .   (no shield)
rNeg    . . .      Spirit   .   b - +0 robe
rPois   .          Reflect  .   (no helmet)
rElec   .          Harm     .   (no cloak)
rCorr   .          Rampage  .   (no gloves)
Will    .....                   (no boots)
Stlth   +.........              (no amulet)
HPRegen 0.15/turn               (no ring)
MPRegen 0.11/turn               (no ring)

@: confused
A: fangs 1, strong nose, distributed training
a: Renounce Religion, Fiery Armour, Foxfire Swarm, Rising Flame


You were on level 3 of the Dungeon.
You worshipped Ignis.
Ignis was extremely pleased with you.
You visited 1 branch of the dungeon, and saw 3 of its levels.

You collected 54 gold pieces.

Inventory:

Hand Weapons
 a - a -1 short sword of flaming (weapon)
Armour
 b - a +0 robe (worn)
Scrolls
 c - a scroll of noise {unknown}
 d - a scroll of teleportation {unknown}
 e - 5 scrolls of identify {unknown}
 f - a scroll of brand weapon {unknown}
 g - a scroll of silence {unknown}
Potions
 h - a potion of experience {unknown}
 i - 2 potions of curing {unknown}


   Skills:
 + Level 6.6 Fighting
 + Level 6.6 Short Blades
 + Level 1.3 Long Blades
 + Level 1.3 Axes
 + Level 1.3 Maces & Flails
 + Level 1.3 Polearms
 + Level 1.3 Staves
 + Level 1.3 Ranged Weapons
 + Level 1.3 Throwing
 + Level 1.3 Armour
 + Level 1.3 Dodging
 + Level 1.3 Stealth
 + Level 1.3 Shields
 + Level 1.3 Unarmed Combat
 + Level 3.1 Spellcasting
 + Level 1.1 Conjurations
 + Level 1.1 Hexes
 + Level 1.1 Summonings
 + Level 1.1 Necromancy
 + Level 1.1 Translocations
 + Level 1.1 Transmutations
 + Level 5.5 Fire Magic
 + Level 1.1 Ice Magic
 + Level 1.1 Air Magic
 + Level 1.1 Earth Magic
 + Level 1.1 Poison Magic
 + Level 1.5 Invocations
 + Level 1.3 Evocations


You had 8 spell levels left.
You knew the following spells:

 Your Spells              Type           Power      Damage    Failure   Level
a - Scorch                Fire           36%        2d7       3%          2

Your spell library contained the following spells:

 Spells                   Type           Power      Damage    Failure   Level
 Ozocubu's Armour         Ice            5%         N/A       36%         3
 Ozocubu's Refrigeration  Ice            2%         4d8       100%        7


Dungeon Overview and Level Annotations

Branches:
Dungeon (3/15)

Altars:
Cheibriados
Ru


Innate Abilities, Weirdness & Mutations

You have very sharp teeth.
Your uncanny sense of smell can sniff out nearby items.
Your experience applies equally to all skills.


Message History

The foxfire hits the orc wizard.
The orc wizard is moderately wounded.
The foxfire hits something.
The foxfire hits the orc.
The orc is severely wounded.
The foxfire hits the orc wizard but does no damage.
The orc wizard is moderately wounded.
The foxfire hits the orc wizard.
The orc wizard is severely wounded.
The foxfire hits the orc wizard but does no damage.
The orc wizard is severely wounded.
You have reached level 5!
The foxfire hits the orc wizard.
The orc wizard is severely wounded.
The orc wizard barely misses you. Something hits you.
The orc hits you with a +0 trident.
You see here a +0 hand axe of flaming.
You hit the orc wizard but do no damage.
The orc wizard is severely wounded.
The orc barely misses you. Something hits you.
The orc wizard barely misses you. The rat barely misses you.
You barely miss the orc wizard. Your bite misses the orc wizard.
The orc wizard is severely wounded.
The orc wizard casts a spell at you.
You are confused.
The orc hits you with a +0 trident.
* * * LOW HITPOINT WARNING * * *
Something hits you.
* * * LOW HITPOINT WARNING * * *
The rat bites you but does no damage.
You are too confused!
You miss something. Your bite misses something. The orc barely misses you.
Something hits you but does no damage.
The orc wizard hits you but does no damage.
The rat barely misses you.
You barely miss something. Your bite misses something.
The orc wizard casts a spell at you. The magic dart hits you!
* * * LOW HITPOINT WARNING * * *
The orc misses you. Something hits you.
You die...

.... ... ###.. ..>.
###..## .....
######or#######
......o@{.....#
######..#####.# #..#
#..# #..#####...
#........#
#############..####.#..
#......................
+_.........####...#.##.


You could see an orc wizard, an orc and a rat.

Vanquished Creatures
  5 adders (D:2)
  3 dart slugs
  2 orcs (D:3)
  7 bats
  7 endoplasms
  2 giant cockroaches
  4 goblins
  9 hobgoblins
  2 quokkas (D:1)
  8 ball pythons
  A frilled lizard (D:2)
  4 kobolds
  4 rats
58 creatures vanquished.

Vanquished Creatures (others)
  13 foxfires
13 creatures vanquished.

Grand Total: 71 creatures vanquished

Notes
Turn   | Place    | Note
-------+----------+-------------------------------------------
     0 | D:1      | Ast3rio the Gnoll Cinder Acolyte began the quest for the
                  | Orb.
     0 | D:1      | Reached XP level 1. HP: 23/23 MP: 4/4
   241 | D:1      | Reached XP level 2. HP: 29/29 MP: 5/5
   266 | D:1      | Learned a level 2 spell: Scorch
   814 | D:1      | Reached XP level 3. HP: 35/35 MP: 4/7
  1329 | D:2      | Reached skill level 1 in Invocations
  1396 | D:2      | Reached skill level 1 in Long Blades
  1396 | D:2      | Reached skill level 1 in Axes
  1396 | D:2      | Reached skill level 1 in Maces & Flails
  1396 | D:2      | Reached skill level 1 in Polearms
  1396 | D:2      | Reached skill level 1 in Staves
  1396 | D:2      | Reached skill level 1 in Ranged Weapons
  1396 | D:2      | Reached skill level 1 in Throwing
  1396 | D:2      | Reached skill level 1 in Armour
  1396 | D:2      | Reached skill level 1 in Dodging
  1396 | D:2      | Reached skill level 1 in Stealth
  1396 | D:2      | Reached skill level 1 in Shields
  1396 | D:2      | Reached skill level 1 in Unarmed Combat
  1396 | D:2      | Reached skill level 1 in Evocations
  1765 | D:2      | Reached XP level 4. HP: 41/41 MP: 5/8
  1885 | D:2      | Reached skill level 1 in Conjurations
  1885 | D:2      | Reached skill level 1 in Hexes
  1885 | D:2      | Reached skill level 1 in Summonings
  1885 | D:2      | Reached skill level 1 in Necromancy
  1885 | D:2      | Reached skill level 1 in Translocations
  1885 | D:2      | Reached skill level 1 in Transmutations
  1885 | D:2      | Reached skill level 1 in Ice Magic
  1885 | D:2      | Reached skill level 1 in Air Magic
  1885 | D:2      | Reached skill level 1 in Earth Magic
  1885 | D:2      | Reached skill level 1 in Poison Magic
  1959 | D:2      | Found a sacrificial altar of Ru.
  2941 | D:3      | Found a snail-covered altar of Cheibriados.
  2982 | D:3      | Reached XP level 5. HP: 23/47 MP: 1/9
  2986 | D:3      | HP: 2/47 [orc wizard/magic dart (9)]
  2986 | D:3      | Slain by an orc wizard

Illustrated notes

Levels and vault maps discovered:
D:1:      dreamdust_arrival_sigmund_warning, layout_loops_ring
D:2:      layout_basic, basic_altar, nicolae_hexahallways, st_stairs_2
D:3:      layout_basic, overflow_temple_1_default

Skill      XL: |  1  2  3  4 |
---------------+-------------+-----
Invocations    | 1 |  1.5
Long Blades    | 1 |  1.3
Axes           | 1 |  1.3
Maces & Flails | 1 |  1.3
Polearms       | 1 |  1.3
Staves         | 1 |  1.3
Ranged Weapons | 1 |  1.3
Throwing       | 1 |  1.3
Armour         | 1 |  1.3
Dodging        | 1 |  1.3
Stealth        | 1 |  1.3
Shields        | 1 |  1.3
Unarmed Combat | 1 |  1.3
Evocations     | 1 |  1.3
Spellcasting   | 3 |  3.1
Conjurations   | 1 |  1.1
Hexes          | 1 |  1.1
Summonings     | 1 |  1.1
Necromancy     | 1 |  1.1
Translocations | 1 |  1.1
Transmutations | 1 |  1.1
Ice Magic      | 1 |  1.1
Air Magic      | 1 |  1.1
Earth Magic    | 1 |  1.1
Poison Magic   | 1 |  1.1
Fighting       | |  6.6
Short Blades   | |  6.6
Fire Magic     | |  5.5

Action                   |  1- 3 |  4- 6 || total
-------------------------+-------+-------++-------
Melee: Short sword       |    68 |    16 ||    84
       Bite              |    11 |     2 ||    13
       Punch             |     1 |       ||     1
 Cast: Scorch            |    25 |    26 ||    51
Invok: Foxfire Swarm     |     1 |     1 ||     2
Armor: Robe              |    15 |     6 ||    21
Dodge: Dodged            |    45 |    24 ||    69
